[Event "European-ch Seniors 2018"]
[Site "Drammen"]
[Date "2018.08.08"]
[Round "5"]
[White "Ogaard, Leif"]
[Black "Gaprindashvili, Nona"]
[Result "1-0"]
[ECO "A44"]
[WhiteElo "2386"]
[BlackElo "2305"]
[Annotator "NA"]
[PlyCount "28"]
[EventDate "2018.08.04"]
[EventType "swiss"]
[EventCountry "NOR"]
[SourceTitle "playchess.com"]
[Source "ChessBase"]
[SourceQuality "1"]
[TimeControl "40/5400+30:1800+30"]

1. d4 c5 2. d5 e5 3. e4 d6 4. Nc3 g6 5. f4 f6 6. Nf3 exf4 7. Bxf4 Nh6 8. Bb5+ Nd7 9. e5 dxe5 10. Nxe5 a6 11. Qe2 fxe5 12. Bxe5 axb5 13. Bf6+ Be7 14. Bxh8 Kf7 1-0

[Event "European-ch Seniors 2018"]
[Site "Drammen"]
[Date "2018.08.08"]
[Round "5"]
[White "Renman, Nils-Gustaf"]
[Black "Karason, Askell Orn"]
[Result "1/2-1/2"]
[ECO "E11"]
[WhiteElo "2348"]
[BlackElo "2217"]
[Annotator "NA"]
[PlyCount "62"]
[EventDate "2018.08.04"]
[EventType "swiss"]
[EventCountry "NOR"]
[SourceTitle "playchess.com"]
[Source "ChessBase"]
[SourceQuality "1"]
[TimeControl "40/5400+30:1800+30"]

1. d4 Nf6 2. Nf3 e6 3. c4 Bb4+ 4. Bd2 Bxd2+ 5. Qxd2 d5 6. Nc3 O-O 7. e3 Nbd7 8. cxd5 exd5 9. Qc2 Qe7 10. Be2 c6 11. O-O Re8 12. Rab1 Nf8 13. b4 Bg4 14. b5 c5 15. dxc5 Qxc5 16. Rbc1 Rac8 17. Qb2 Qe7 18. Rfd1 Rc5 19. h3 Bxf3 20. Bxf3 Qe5 21. Qa3 b6 22. Ne2 Rxb5 23. Qxa7 Ne6 24. Qa4 Ra5 25. Qb3 g6 26. Qxb6 Rxa2 27. Nc3 Rb8 28. Qc6 Nd8 29. Qc5 Ne6 30. Qe7 Ra5 31. h4 Kg7 1/2-1/2

[Event "European-ch Seniors 2018"]
[Site "Drammen"]
[Date "2018.08.08"]
[Round "5"]
[White "Stebbings, Anthony"]
[Black "Khmiadashvili, Tamar"]
[Result "1-0"]
[ECO "E44"]
[WhiteElo "2265"]
[BlackElo "1969"]
[Annotator "NA"]
[PlyCount "87"]
[EventDate "2018.08.04"]
[EventType "swiss"]
[EventCountry "NOR"]
[SourceTitle "playchess.com"]
[Source "ChessBase"]
[SourceQuality "1"]
[TimeControl "40/5400+30:1800+30"]

1. d4 Nf6 2. c4 e6 3. Nc3 Bb4 4. e3 b6 5. Nge2 Bb7 6. a3 Be7 7. d5 e5 8. Ng3 g6 9. Bd3 d6 10. O-O Nbd7 11. e4 h5 12. f3 h4 13. Nge2 Nh5 14. Be3 g5 15. b4 Nf4 16. Nc1 Bc8 17. Nb3 Nxd3 18. Qxd3 Rg8 19. h3 Kf8 20. Rfc1 a5 21. bxa5 bxa5 22. a4 Nc5 23. Nxc5 dxc5 24. Rab1 Kg7 25. Qd2 f6 26. Qf2 Ba6 27. Nb5 f5 28. exf5 Rf8 29. Bxc5 Rxf5 30. Be3 Qd7 31. Qc2 Raf8 32. Qe4 Bb4 33. Rc2 Qe7 34. c5 Qd7 35. Rd1 Bxb5 36. axb5 Qxb5 37. d6 cxd6 38. cxd6 Rf4 39. Bxf4 Rxf4 40. Rc7+ Kf6 41. Qh7 Qe8 42. Qg7+ Ke6 43. Re7+ Qxe7 44. Qxe7+ 1-0

[Event "European-ch Seniors 2018"]
[Site "Drammen"]
[Date "2018.08.08"]
[Round "5"]
[White "Barle, Janez"]
[Black "Vorotnikov, Vladislav V"]
[Result "1/2-1/2"]
[ECO "C41"]
[WhiteElo "2249"]
[BlackElo "2445"]
[Annotator "NA"]
[PlyCount "26"]
[EventDate "2018.08.04"]
[EventType "swiss"]
[EventCountry "NOR"]
[SourceTitle "playchess.com"]
[Source "ChessBase"]
[SourceQuality "1"]
[TimeControl "40/5400+30:1800+30"]

1. e4 e5 2. Nf3 d6 3. d4 exd4 4. Nxd4 Nf6 5. Nc3 g6 6. g3 Bg7 7. Bg2 O-O 8. O-O Re8 9. Re1 Bg4 10. f3 Bd7 11. Be3 Nc6 12. Qd2 a6 13. Rad1 b5 1/2-1/2

[Event "European-ch Seniors 2018"]
[Site "Drammen"]
[Date "2018.08.08"]
[Round "5"]
[White "Furman, Boris"]
[Black "Lederman, Leon S"]
[Result "1/2-1/2"]
[ECO "D30"]
[WhiteElo "2242"]
[BlackElo "2245"]
[Annotator "NA"]
[PlyCount "58"]
[EventDate "2018.08.04"]
[EventType "swiss"]
[EventCountry "NOR"]
[SourceTitle "playchess.com"]
[Source "ChessBase"]
[SourceQuality "1"]
[TimeControl "40/5400+30:1800+30"]

1. d4 d5 2. c4 e6 3. cxd5 exd5 4. Nc3 c6 5. Qc2 Bd6 6. Nf3 h6 7. g3 Nf6 8. Bf4 O-O 9. Bxd6 Qxd6 10. Bg2 Re8 11. O-O Nbd7 12. Rfe1 Nf8 13. Rad1 Be6 14. Ne5 Ng4 15. Nxg4 Bxg4 16. f3 Bh5 17. e3 Re7 18. Qf2 f5 19. Ne2 Rae8 20. Nf4 Bf7 21. Nd3 Nd7 22. f4 Nf6 23. Ne5 Rc8 24. Qc2 Be6 25. Qa4 b6 26. b4 c5 27. bxc5 bxc5 28. Qa3 Rec7 29. Rc1 Qf8 1/2-1/2

[Event "European-ch Seniors 2018"]
[Site "Drammen"]
[Date "2018.08.08"]
[Round "5"]
[White "Moen, Ole Christian"]
[Black "Bogdanov, Valentin"]
[Result "1/2-1/2"]
[ECO "B27"]
[WhiteElo "2228"]
[BlackElo "2356"]
[Annotator "NA"]
[PlyCount "99"]
[EventDate "2018.08.04"]
[EventType "swiss"]
[EventCountry "NOR"]
[SourceTitle "playchess.com"]
[Source "ChessBase"]
[SourceQuality "1"]
[TimeControl "40/5400+30:1800+30"]

1. e4 c5 2. Nf3 g6 3. g3 Bg7 4. Bg2 Nc6 5. O-O e6 6. Re1 Nge7 7. d3 b6 8. Nbd2 Bb7 9. Nc4 d5 10. exd5 Nxd5 11. Nfe5 Nxe5 12. Nxe5 Qc7 13. c4 Bxe5 14. cxd5 O-O 15. dxe6 Bxg2 16. Kxg2 fxe6 17. Qe2 Qc6+ 18. f3 Bg7 19. Qxe6+ Qxe6 20. Rxe6 Rad8 21. Re3 Rd7 22. Rb1 Rfd8 23. Kf1 Rxd3 24. Rxd3 Rxd3 25. Ke2 Rd7 26. b3 Re7+ 27. Kd2 Bh6+ 28. Kd1 Bxc1 29. Rxc1 Re3 30. f4 Kf7 31. Kd2 Re4 32. Rc4 Re7 33. Rc3 Kf6 34. Re3 Rd7+ 35. Rd3 Re7 36. Re3 Re6 37. Kd3 Rd6+ 38. Kc3 h5 39. a4 h4 40. a5 bxa5 41. Re5 Ra6 42. Rxc5 a4 43. b4 a3 44. Ra5 Rxa5 45. bxa5 hxg3 46. hxg3 Kf5 47. Kb3 Kg4 48. Kxa3 Kxg3 49. Kb4 Kxf4 50. Kb5 1/2-1/2

[Event "European-ch Seniors 2018"]
[Site "Drammen"]
[Date "2018.08.08"]
[Round "5"]
[White "Burchardt, Brigitte"]
[Black "Fridthjofsdottir, Sigurl  Regina"]
[Result "1-0"]
[ECO "B01"]
[WhiteElo "2189"]
[BlackElo "1715"]
[Annotator "NA"]
[PlyCount "79"]
[EventDate "2018.08.04"]
[EventType "swiss"]
[EventCountry "NOR"]
[SourceTitle "playchess.com"]
[Source "ChessBase"]
[SourceQuality "1"]
[TimeControl "40/5400+30:1800+30"]

1. e4 d5 2. exd5 Qxd5 3. Nc3 Qd6 4. Nf3 c6 5. Bc4 Nf6 6. Qe2 Bf5 7. d3 e6 8. Ne4 Nxe4 9. dxe4 Bg4 10. Be3 Bxf3 11. gxf3 Nd7 12. f4 Nb6 13. Bd3 e5 14. fxe5 Qxe5 15. c3 Rd8 16. O-O-O Bc5 17. f4 Bxe3+ 18. Qxe3 Qe7 19. Rhg1 f6 20. Rg3 Rd7 21. Rdg1 g6 22. h4 Qf7 23. e5 Re7 24. h5 Qxa2 25. Bb1 Qb3 26. hxg6 Nc4 27. Qf2 hxg6 28. exf6 Rd7 29. Bxg6+ Kd8 30. Bd3 Nxb2 31. Qxb2 Qxb2+ 32. Kxb2 Rh2+ 33. Kb3 Rd2 34. Bf5 R7d5 35. Be6 Rb5+ 36. Kc4 Ra5 37. Rd3+ Rxd3 38. Kxd3 c5 39. Rg8+ Kc7 40. f7 1-0

[Event "European-ch Seniors 2018"]
[Site "Drammen"]
[Date "2018.08.08"]
[Round "5"]
[White "Gruzmann, Boris"]
[Black "Svensson, Leif"]
[Result "1-0"]
[ECO "C42"]
[WhiteElo "2183"]
[BlackElo "2052"]
[Annotator "NA"]
[PlyCount "107"]
[EventDate "2018.08.04"]
[EventType "swiss"]
[EventCountry "NOR"]
[SourceTitle "playchess.com"]
[Source "ChessBase"]
[SourceQuality "1"]
[TimeControl "40/5400+30:1800+30"]

1. e4 e5 2. Nf3 Nf6 3. Nxe5 Nxe4 4. Qe2 Qe7 5. Qxe4 d6 6. d4 dxe5 7. dxe5 Nd7 8. f4 Nc5 9. Qe2 h5 10. Be3 Bg4 11. Bxc5 Qxc5 12. Qb5+ c6 13. Qxc5 Bxc5 14. h3 Be6 15. Nc3 Be3 16. g3 g5 17. fxg5 Bxg5 18. Rd1 Ke7 19. Ne4 Be3 20. c4 h4 21. Rd3 Bb6 22. Rf3 hxg3 23. Nxg3 Ba5+ 24. Kf2 Bb6+ 25. Ke1 Rag8 26. Nf5+ Kf8 27. Rh2 Rh5 28. Bd3 Rg1+ 29. Kd2 Rgg5 30. Nd6 Rxe5 31. Nxf7 Re3 32. Rxe3 Bxe3+ 33. Kxe3 Kxf7 34. h4 Kf6 35. Be2 Re5+ 36. Kd2 Kg6 37. Rf2 Kg7 38. Rf4 b5 39. b3 a5 40. cxb5 cxb5 41. Bg4 Bf7 42. Rd4 a4 43. bxa4 Bxa2 44. a5 b4 45. a6 Ra5 46. Be2 b3 47. Rb4 Rd5+ 48. Kc3 Rc5+ 49. Kd4 Ra5 50. Bb5 Kh6 51. Kc5 Ra3 52. Kb6 Bb1 53. a7 Bf5 54. Ba6 1-0

[Event "European-ch Seniors 2018"]
[Site "Drammen"]
[Date "2018.08.08"]
[Round "5"]
[White "Fatalibekova, Elena"]
[Black "Taksrud, Vidar"]
[Result "1-0"]
[ECO "A05"]
[WhiteElo "2181"]
[BlackElo "2047"]
[Annotator "NA"]
[PlyCount "53"]
[EventDate "2018.08.04"]
[EventType "swiss"]
[EventCountry "NOR"]
[SourceTitle "playchess.com"]
[Source "ChessBase"]
[SourceQuality "1"]
[TimeControl "40/5400+30:1800+30"]

1. Nf3 Nf6 2. c4 e6 3. e3 d5 4. d4 Bb4+ 5. Nbd2 c6 6. Bd3 O-O 7. O-O Nbd7 8. a3 Bd6 9. e4 dxe4 10. Nxe4 Nxe4 11. Bxe4 c5 12. Bc2 cxd4 13. Qxd4 Bc5 14. Qe4 g6 15. Bh6 Re8 16. Rad1 f5 17. Qe2 Qf6 18. Ba4 Qe7 19. Bg5 Qg7 20. Qd2 h6 21. Bxh6 Qh7 22. Bg5 Be7 23. Bxd7 Rd8 24. Qe2 Rxd7 25. Qxe6+ Qf7 26. Qxf7+ Kxf7 27. Ne5+ 1-0

[Event "European-ch Seniors 2018"]
[Site "Drammen"]
[Date "2018.08.08"]
[Round "5"]
[White "Kolbak, Jens"]
[Black "Werner, Clemens"]
[Result "1/2-1/2"]
[ECO "D78"]
[WhiteElo "2181"]
[BlackElo "2258"]
[Annotator "NA"]
[PlyCount "53"]
[EventDate "2018.08.04"]
[EventType "swiss"]
[EventCountry "NOR"]
[SourceTitle "playchess.com"]
[Source "ChessBase"]
[SourceQuality "1"]
[TimeControl "40/5400+30:1800+30"]

1. Nf3 Nf6 2. d4 g6 3. g3 d5 4. Bg2 Bg7 5. O-O O-O 6. c4 c6 7. b3 Bf5 8. Bb2 Nbd7 9. Nbd2 Qa5 10. a3 Qa6 11. Rc1 Ne4 12. Nh4 Nxd2 13. Qxd2 Be6 14. c5 Rfc8 15. Nf3 h6 16. Rfe1 b6 17. Bf1 Qb7 18. b4 a5 19. Ne5 Nxe5 20. dxe5 axb4 21. axb4 Ra2 22. Ra1 Rca8 23. Rxa2 Rxa2 24. Ra1 Rxa1 25. Bxa1 Qa7 26. Bd4 b5 27. h3 1/2-1/2

[Event "European-ch Seniors 2018"]
[Site "Drammen"]
[Date "2018.08.08"]
[Round "5"]
[White "Hedin, Gunnar"]
[Black "Ackermann, Hans Werner"]
[Result "1-0"]
[ECO "A02"]
[WhiteElo "2179"]
[BlackElo "2246"]
[Annotator "NA"]
[PlyCount "65"]
[EventDate "2018.08.04"]
[EventType "swiss"]
[EventCountry "NOR"]
[SourceTitle "playchess.com"]
[Source "ChessBase"]
[SourceQuality "1"]
[TimeControl "40/5400+30:1800+30"]

1. f4 g6 2. Nf3 Bg7 3. g3 d5 4. Bg2 c6 5. d3 Bg4 6. c3 Nf6 7. Ne5 Be6 8. O-O Nbd7 9. Nxd7 Qxd7 10. e4 dxe4 11. dxe4 Qc7 12. Qe2 h5 13. h3 Qd7 14. Kh2 Rd8 15. Be3 Qc7 16. Bd4 b6 17. Na3 Qc8 18. Rae1 Bd7 19. f5 c5 20. Bxf6 Bxf6 21. e5 Bg7 22. e6 fxe6 23. fxe6 Bc6 24. Qc2 Rh6 25. Rf7 Bf6 26. Nc4 h4 27. Rh7 hxg3+ 28. Kg1 Rxh7 29. Qxg6+ Kf8 30. Qxh7 Be8 31. Bb7 Qxb7 32. Rf1 Rd1 33. Qh8# 1-0

[Event "European-ch Seniors 2018"]
[Site "Drammen"]
[Date "2018.08.08"]
[Round "5"]
[White "Blomstrom, Lars"]
[Black "Biro, Sandor"]
[Result "1-0"]
[ECO "C10"]
[WhiteElo "2167"]
[BlackElo "2193"]
[Annotator "NA"]
[PlyCount "95"]
[EventDate "2018.08.04"]
[EventType "swiss"]
[EventCountry "NOR"]
[SourceTitle "playchess.com"]
[Source "ChessBase"]
[SourceQuality "1"]
[TimeControl "40/5400+30:1800+30"]

1. e4 e6 2. d4 d5 3. Nc3 Nc6 4. Nf3 Nf6 5. e5 Ne4 6. Bd3 Bb4 7. Bd2 Nxd2 8. Qxd2 f6 9. a3 Be7 10. Qe2 fxe5 11. dxe5 O-O 12. h4 h6 13. O-O-O Bd7 14. Rh3 a6 15. g4 Rxf3 16. Qxf3 Nxe5 17. Qg2 c6 18. f4 Nxd3+ 19. Rhxd3 Bd6 20. g5 Bxf4+ 21. Kb1 hxg5 22. Rg1 Qe7 23. hxg5 e5 24. Ne2 Rf8 25. Nxf4 Rxf4 26. g6 Bf5 27. Rg3 Qf6 28. Qh2 Rh4 29. Qf2 Rc4 30. Qa7 Rxc2 31. Ka1 e4 32. Qb8+ Qf8 33. Qxf8+ Kxf8 34. Rf1 Ke7 35. Rxf5 Rc1+ 36. Ka2 Ke6 37. Rf7 d4 38. Rxg7 d3 39. Rg8 d2 40. Rd8 d1=Q 41. Rxd1 Rxd1 42. g7 Rd8 43. g8=Q+ Rxg8 44. Rxg8 Kd5 45. Kb1 Kd4 46. Rg3 e3 47. Kc2 Ke4 48. Rg7 1-0

[Event "European-ch Seniors 2018"]
[Site "Drammen"]
[Date "2018.08.08"]
[Round "5"]
[White "Gayson, Peter M"]
[Black "Elseth, Roar"]
[Result "1-0"]
[ECO "B56"]
[WhiteElo "2150"]
[BlackElo "2311"]
[Annotator "NA"]
[PlyCount "131"]
[EventDate "2018.08.04"]
[EventType "swiss"]
[EventCountry "NOR"]
[SourceTitle "playchess.com"]
[Source "ChessBase"]
[SourceQuality "1"]
[TimeControl "40/5400+30:1800+30"]

1. e4 c5 2. Nf3 Nc6 3. d4 cxd4 4. Nxd4 Nf6 5. Nc3 d6 6. f4 g6 7. Be2 Bg7 8. Be3 O-O 9. O-O Bd7 10. Kh1 a6 11. Qd2 b5 12. Bf3 Rc8 13. a3 Na5 14. b3 Nc6 15. Rad1 Qc7 16. Nde2 Nb8 17. Bd4 Bc6 18. e5 Ne8 19. Qe3 Bxf3 20. Rxf3 Nc6 21. Nd5 Qb7 22. Ba1 dxe5 23. fxe5 Nd8 24. Nb6 Ne6 25. Nxc8 Qxc8 26. Qc3 Qb8 27. Rfd3 Nd6 28. Ng3 Qa8 29. Qe1 Nf5 30. Nxf5 gxf5 31. Qf2 f4 32. Qf3 Qc8 33. R3d2 Qc5 34. b4 Qc7 35. Qe4 Rc8 36. h3 Qc4 37. Qxc4 Rxc4 38. Kg1 Re4 39. Kf2 Rc4 40. h4 h5 41. Kf3 Kh7 42. Re1 Kg6 43. Re4 Rc7 44. c4 bxc4 45. Rc2 Rd7 46. Ke2 Kf5 47. Rexc4 Bxe5 48. Bxe5 Kxe5 49. Rd2 Nd4+ 50. Kf2 Ke4 51. Rc6 Ra7 52. Rh6 a5 53. b5 e5 54. a4 f5 55. Ra6 Rg7 56. Rxa5 Nb3 57. Re2+ Kd3 58. Ra6 e4 59. Rd6+ Nd4 60. b6 e3+ 61. Kf1 Ke4 62. Rxd4+ Kxd4 63. Rb2 Kd3 64. b7 e2+ 65. Ke1 f3 66. Rb3+ 1-0

[Event "European-ch Seniors 2018"]
[Site "Drammen"]
[Date "2018.08.08"]
[Round "5"]
[White "Bjerke, Richard"]
[Black "Eriksen, Terje"]
[Result "1-0"]
[ECO "E11"]
[WhiteElo "2141"]
[BlackElo "2142"]
[Annotator "NA"]
[PlyCount "77"]
[EventDate "2018.08.04"]
[EventType "swiss"]
[EventCountry "NOR"]
[SourceTitle "playchess.com"]
[Source "ChessBase"]
[SourceQuality "1"]
[TimeControl "40/5400+30:1800+30"]

1. d4 Nf6 2. c4 e6 3. Nf3 Bb4+ 4. Bd2 a5 5. g3 d5 6. Qc2 dxc4 7. Qxc4 b6 8. Bg2 Ba6 9. Qc2 O-O 10. Nc3 Ra7 11. O-O Nbd7 12. Rfd1 Qe7 13. Bf4 Bd6 14. Bg5 h6 15. Bxf6 Nxf6 16. e4 e5 17. dxe5 Bxe5 18. Nd5 Nxd5 19. Rxd5 Bd6 20. Nd4 Qe8 21. Nf5 Bc5 22. Qc3 f6 23. Qf3 Bc8 24. Rad1 c6 25. R5d2 Bxf5 26. exf5 Re7 27. h4 Re1+ 28. Kh2 Rxd1 29. Rxd1 Qe7 30. Rd2 Rd8 31. Re2 Qd7 32. Qxc6 Qxf5 33. Bh3 Qh5 34. f3 Qg6 35. Bg4 h5 36. Qe6+ Kh8 37. Bf5 Bg1+ 38. Kg2 Qh6 39. Qe8+ 1-0

[Event "European-ch Seniors 2018"]
[Site "Drammen"]
[Date "2018.08.08"]
[Round "5"]
[White "Jensen, Thore Nyboe"]
[Black "Ali, Karim"]
[Result "1/2-1/2"]
[ECO "C10"]
[WhiteElo "2083"]
[BlackElo "1819"]
[Annotator "NA"]
[PlyCount "116"]
[EventDate "2018.08.04"]
[EventType "swiss"]
[EventCountry "NOR"]
[SourceTitle "playchess.com"]
[Source "ChessBase"]
[SourceQuality "1"]
[TimeControl "40/5400+30:1800+30"]

1. e4 e6 2. d4 d5 3. Nc3 dxe4 4. Nxe4 Nf6 5. Bd3 Nxe4 6. Bxe4 Nd7 7. Nf3 Nf6 8. Bd3 c5 9. O-O cxd4 10. Nxd4 Be7 11. Bf4 a6 12. c4 Qxd4 13. Qf3 O-O 14. Rfd1 Qc5 15. Rd2 Qh5 16. Qg3 Qg4 17. Qe3 Qh5 18. h3 Qc5 19. Qf3 Bd7 20. Qxb7 Bc6 21. Qb3 e5 22. Be3 Qb4 23. Qc2 Qb7 24. f3 Rfe8 25. a3 e4 26. fxe4 Bxe4 27. b4 Rad8 28. Rad1 h6 29. c5 Rxd3 30. Rxd3 Bxd3 31. Rxd3 Qc6 32. Qc4 Bf8 33. Bf4 Re1+ 34. Kf2 Re4 35. Rd4 Rxd4 36. Qxd4 Nd5 37. Be5 f6 38. Bg3 g5 39. Kg1 Kf7 40. h4 a5 41. Qc4 Kg7 42. Kh1 axb4 43. axb4 Ne3 44. Qe2 Nf5 45. Bf2 Qd5 46. h5 Be7 47. Kg1 Bd8 48. b5 Bc7 49. g4 Nh4 50. Qe7+ Qf7 51. Qe4 f5 52. Bd4+ Kf8 53. gxf5 Qb3 54. b6 Qd1+ 55. Kf2 Qd2+ 56. Kf1 Qd1+ 57. Kf2 Qd2+ 58. Kf1 Qd1+ 1/2-1/2

[Event "European-ch Seniors 2018"]
[Site "Drammen"]
[Date "2018.08.08"]
[Round "5"]
[White "Birkholz, Olga"]
[Black "Wagner-Michel, Annett"]
[Result "0-1"]
[ECO "B59"]
[WhiteElo "2048"]
[BlackElo "2120"]
[Annotator "NA"]
[PlyCount "128"]
[EventDate "2018.08.04"]
[EventType "swiss"]
[EventCountry "NOR"]
[SourceTitle "playchess.com"]
[Source "ChessBase"]
[SourceQuality "1"]
[TimeControl "40/5400+30:1800+30"]

1. e4 c5 2. Nf3 Nc6 3. d4 cxd4 4. Nxd4 Nf6 5. Nc3 d6 6. Be2 e5 7. Nb3 Be7 8. Be3 O-O 9. f3 a5 10. Nd5 Nxd5 11. exd5 Nb8 12. Nd2 Nd7 13. O-O f5 14. a4 Nb6 15. c4 Nd7 16. Qc2 b6 17. f4 Nc5 18. Nb3 Bd7 19. Nc1 Qe8 20. Bd1 Bf6 21. Ne2 Rc8 22. fxe5 dxe5 23. Nc3 Qe7 24. Rc1 f4 25. Bf2 e4 26. Be2 Bf5 27. Qd1 Rcd8 28. Bd4 Bg5 29. Kh1 f3 30. gxf3 Bxc1 31. Qxc1 exf3 32. Bxf3 Bg6 33. Qd1 Qd6 34. Nb5 Qf4 35. Bg2 Qh4 36. d6 Be4 37. Bxc5 Bxg2+ 38. Kxg2 Qe4+ 39. Kg1 Rxf1+ 40. Qxf1 bxc5 41. b3 Rf8 42. Qd1 Qe3+ 43. Kh1 Qf3+ 44. Qxf3 Rxf3 45. Nc7 Kf7 46. d7 Ke7 47. Ne6 Kxd7 48. Nxc5+ Kc6 49. Ne6 Rf1+ 50. Kg2 Rb1 51. h4 g6 52. Nf8 Rxb3 53. Nxh7 Kc5 54. Nf8 Rb4 55. Nxg6 Rxc4 56. h5 Rxa4 57. Kf3 Ra1 58. Nh4 Rf1+ 59. Kg4 a4 60. h6 a3 61. h7 Rf8 62. Ng6 Ra8 63. h8=Q Rxh8 64. Nxh8 a2 0-1

[Event "European-ch Seniors 2018"]
[Site "Drammen"]
[Date "2018.08.08"]
[Round "5"]
[White "Andersson, Kjell Ake"]
[Black "Clark, Gary M"]
[Result "0-1"]
[ECO "A16"]
[WhiteElo "1940"]
[BlackElo "2285"]
[Annotator "NA"]
[PlyCount "94"]
[EventDate "2018.08.04"]
[EventType "swiss"]
[EventCountry "NOR"]
[SourceTitle "playchess.com"]
[Source "ChessBase"]
[SourceQuality "1"]
[TimeControl "40/5400+30:1800+30"]

1. c4 Nf6 2. Nc3 g6 3. g3 Bg7 4. Bg2 O-O 5. Nf3 c5 6. O-O d5 7. cxd5 Nxd5 8. Nxd5 Qxd5 9. d3 Nc6 10. Nd2 Qd7 11. Rb1 b6 12. Nc4 Bb7 13. Be3 Rac8 14. Qd2 Rfd8 15. Rfc1 e5 16. Bh6 f6 17. Bxg7 Kxg7 18. Ne3 f5 19. Nc4 Qe7 20. Re1 Rd4 21. Qc3 Rcd8 22. Rbd1 b5 23. Na5 Nxa5 24. Qxa5 Bxg2 25. Kxg2 Qb7+ 26. Kg1 Qb6 27. Qc3 c4 28. Rc1 b4 29. Qc2 cxd3 30. exd3 Rxd3 31. Rxe5 Rd2 32. Qc7+ Qxc7 33. Rxc7+ Kf6 34. Ra5 Rxb2 35. h4 Rd1+ 36. Kg2 Rdd2 37. Rc6+ Kg7 38. Rxa7+ Kh6 39. Rcc7 Rxf2+ 40. Kg1 Rg2+ 41. Kf1 Kh5 42. Rc4 h6 43. Rxb4 Rbf2+ 44. Ke1 Rc2 45. Kd1 Rxa2 46. Rxa2 Rxa2 47. Ke1 Rg2 0-1